 Dungeon Crawl Stone Soup version 0.19-a0-1907-gcff654f (webtiles) character file.

31 Disciple the Magician (level 3, 12/28 HPs)
             Began as a Demonspawn Wizard on Oct 21, 2016.
             Quit the game on level 1 of the Dungeon.
             The game lasted 00:02:03 (1382 turns).

Disciple the Magician (Demonspawn Wizard)           Turns: 1382, Time: 00:02:04

Health: 12/28      AC:  2    Str:  7    XL:     3   Next: 7%
Magic:  5/7        EV: 12    Int: 20    God:
Gold:   63         SH:  0    Dex: 11    Spells: 1 memorised, 7 levels left

rFire  . . .     SeeInvis .     j - -3 dagger (curse)
rCold  . . .     Gourm    .     a - +0 robe
rNeg   . . .     Faith    .     (no shield)
rPois  .         Spirit   .     b - +0 hat
rElec  .         Reflect  .     (no cloak)
rCorr  .         Harm     .     (no gloves)
MR     .....                    (no boots)
Stlth  +.........               (no amulet)
                                (no ring)
                                (no ring)

@: no status effects
A: hooves 1, spiny 1
a: no special abilities


You were on level 1 of the Dungeon.
You were very hungry.

You visited 1 branch of the dungeon, and saw 1 of its levels.

You collected 63 gold pieces.

Inventory:

Hand Weapons
 g - a +0 mace
 j - a cursed -3 dagger (weapon)
Armour
 a - a +0 robe (worn)
 b - a +0 hat (worn)
Scrolls
 h - a scroll of teleportation {unknown}
 k - a scroll of noise {unknown}
Potions
 e - a potion of heal wounds {unknown}
 i - a potion of flight {unknown}
Books
 c - a book of Minor Magic

   Spells                             Type                      Level
   a - Magic Dart                     Conjuration                  1
   b - Blink                          Translocation                2
   c - Call Imp                       Summoning                    2
   d - Repel Missiles                 Charms/Air                   2
   e - Slow                           Hexes                        2
   f - Conjure Flame                  Conjuration/Fire             3
   g - Mephitic Cloud                 Conjuration/Poison/Air       3
Comestibles
 d - a bread ration
 f - a beef jerky


   Skills:
 + Level 2.7 Fighting
 - Level 1.7 Dodging
 - Level 1.7 Stealth
 - Level 3.0 Spellcasting
 - Level 1.0 Conjurations
   Level 1.0 Summonings
   Level 0.8 Translocations


You had 7 spell levels left.
You knew the following spells:

 Your Spells              Type           Power        Failure   Level  Hunger
a - Magic Dart            Conj           #...         12%         1    None


Dungeon Overview and Level Annotations

Branches:
Dungeon (1/15)

Altars:


Innate Abilities, Weirdness & Mutations

You have large cloven feet.
You are partially covered in sharp spines.


Message History

Aiming: Magic Dart
Press: ? - help, Shift-Dir - straight line, f - goblin
Aim: a goblin, wielding an enchanted dagger The magic dart hits the goblin.
The goblin is severely wounded.
The goblin hits you but does no damage.
Casting: Magic Dart
Confirm with . or Enter, or press ? or * to list all spells.
Aiming: Magic Dart
Press: ? - help, Shift-Dir - straight line, f/p - goblin
Aim: a goblin, wielding an enchanted dagger (severely wounded)
The magic dart hits the goblin.
You kill the goblin!
Things that are here:
an enchanted dagger; a goblin corpse
j - an enchanted dagger Wield which item (- for none, * to show all)? (? for menu, Esc to quit)
It sticks to your hand!
j - a cursed -3 dagger (weapon)
Are you sure you want to abandon this character and quit the game? (Confirm with "yes".)

..# #......)......#......... ..#
###..###.................
..######........................
.##......##..#..................
'#..#######..#..#.####..........
...## #..#..#.####........b.
#### #..#.......#.........b
#..#.##.#.##Kg........
#.....#@#..K..........
##.#..#†#####......... #.#..#.#
#####.#### #.####.# .# #....#..
# #######.#### #...# #.#
#.#.###.# #.#.....#


There were no monsters in sight!

Vanquished Creatures
  An ooze (D:1)
  2 giant cockroaches (D:1)
  4 goblins (D:1)
  3 hobgoblins (D:1)
  2 jackals (D:1)
  5 kobolds (D:1)
  3 bats (D:1)
  4 rats (D:1)
24 creatures vanquished.

Notes
Turn   | Place    | Note
-------+----------+-------------------------------------------
     0 | D:1      | Disciple the Demonspawn Wizard began the quest for the Orb.
     0 | D:1      | Reached XP level 1. HP: 13/13 MP: 4/4
   118 | D:1      | Reached skill level 1 in Fighting
   253 | D:1      | Gained mutation: You have large cloven feet. [demonic ancestry]
   253 | D:1      | Reached XP level 2. HP: 22/22 MP: 1/6
  1376 | D:1      | Gained mutation: You are partially covered in sharp spines. [demonic ancestry]
  1376 | D:1      | Reached XP level 3. HP: 12/28 MP: 7/7
  1382 | D:1      | Quit the game

Vault maps used:
D:1:      evilmike_arrival_plus

Skill      XL: |  1  2 |
---------------+-------+-----
Fighting       | 1 2 |  2.7
Dodging        | |  1.7
Stealth        | |  1.7
Spellcasting   | |  3.0
Conjurations   | |  1.0
Summonings     | |  1.0
Translocations | |  0.8

Action                   || total
-------------------------++-------
Melee: Mace              ||    46
       Kick              ||     7
 Cast: Magic Dart        ||    28
 Stab: Sleeping          ||     1
Armor: Robe              ||    16
Dodge: Dodged            ||    62
